AoeStats
← Gorlami

Arena

507339677Analyzed
4v4 RM · 13d ago on Sep 17, 2026· 51m 0s· 8 players
Game mode
Random Map
Map size
Large (8 player)
Population
200
Speed
Normal
Resources
Standard
Victory
Conquest
Starting age
Dark Age
Ending age
Imperial Age
RankedLock teamsTeams togetherTeam positionsShared explorationLock speedFull tech treeHidden civsTurbo modeCheats
Victory
Defeat
🇦🇷 Spanish · Argentina
1767
+9
🇦🇷 Britons · Argentina
1681
+12
🇦🇷 Koreans · Argentina
1669
+13
🇦🇷 Bengalis · Argentina
1654
+13
🇲🇽 Byzantines · Mexico
1650
-13
🇩🇪 Aztecs · Germany
1640
-13
🇷🇴 Huns · Romania
1594
-12
🇭🇺 Malians · Hungary
1520
-9
MZTK |Kiss
10:24 Feudal Age
14:15 Castle Age
13:33 Double-Bit Axe
13:36 Horse Collar
15:55 Bow Saw
23:57 Wheelbarrow
23:24 Heavy Plow
27:33 Imperial Age
25:48 Loom
26:19 Hand Cart
26:33 Crossbowman
27:10 Fletching
27:11 Gold Mining
27:59 Bodkin Arrow
29:21 Chemistry
28:29 Arbalester
30:22 Gold Shaft Mining
29:38 Stone Mining
30:12 Bracer
31:35 Padded Archer Armor
32:46 Leather Archer Armor
34:22 Ring Archer Armor
33:35 Elite Skirmisher
34:21 Thumb Ring
36:25 Forging
37:03 Scale Barding Armor
36:32 Capped Ram
37:24 Logistica
36:35 Elite Cataphract
37:35 Conscription
37:52 Iron Casting
39:23 Two-Man Saw
41:52 Chain Barding Armor
44:25 Plate Barding Armor
44:43 Siege Ram
48:14 Coinage
48:11 Pikeman
48:51 Squires
48:52 Scale Mail Armor
Bl++d
9:51 Feudal Age
10:15 Horse Collar
10:24 Double-Bit Axe
14:35 Loom
17:03 Castle Age
16:07 Gold Mining
16:22 Man-at-Arms
17:24 Scale Mail Armor
17:34 Scale Mail Armor
18:33 Wheelbarrow
17:22 Long Swordsman
18:22 Squires
18:36 Bow Saw
19:08 Town Watch
23:15 Chain Mail Armor
29:24 Heavy Plow
31:00 Hand Cart
31:09 Forging
31:44 Gold Shaft Mining
32:50 Iron Casting
37:45 Imperial Age
39:00 Plate Mail Armor
37:58 Two-Handed Swordsman
38:19 Onager
40:05 Crop Rotation
39:37 Champion
44:33 Capped Ram
49:16 Scale Barding Armor
50:10 Ballistics
49:45 Murder Holes
50:51 Chemistry
vuvukiller
10:27 Feudal Age
11:36 Loom
14:18 Castle Age
12:47 Double-Bit Axe
12:42 Horse Collar
27:19 Bow Saw
30:37 Heavy Plow
31:20 Gold Mining
35:42 Imperial Age
34:18 Fletching
34:28 Padded Archer Armor
35:18 Wheelbarrow
35:40 Bodkin Arrow
36:00 Leather Archer Armor
36:12 Ballistics
36:30 Gold Shaft Mining
37:42 Chemistry
37:46 Bloodlines
37:36 Husbandry
37:08 Pikeman
37:49 Squires
37:27 Light Cavalry
38:22 Bracer
38:39 Heavy Cavalry Archer
39:25 Thumb Ring
39:58 Scale Mail Armor
40:08 Forging
40:36 Parthian Tactics
40:26 Masonry
41:26 Conscription
41:35 Halberdier
42:26 Scale Barding Armor
43:03 Hussar
45:11 Chain Barding Armor
45:26 Iron Casting
Willox
10:06 Feudal Age
14:02 Castle Age
12:45 Double-Bit Axe
12:52 Horse Collar
14:59 Bow Saw
18:31 Sanctity
18:36 Gold Mining
19:26 Atonement
20:52 Redemption
22:33 Devotion
22:55 Loom
24:50 Heavy Plow
27:02 Fervor
30:11 Imperial Age
28:27 Herbal Medicine
29:35 Squires
28:55 Eagle Warrior
29:21 Arson
29:56 Scale Mail Armor
30:07 Forging
31:11 Block Printing
30:30 Elite Eagle Warrior
32:00 Chain Mail Armor
32:21 Iron Casting
34:14 Man-at-Arms
34:15 Pikeman
36:02 Plate Mail Armor
36:32 Blast Furnace
36:03 Fletching
37:16 Garland Wars
37:17 Conscription
38:14 Atlatl
39:15 Bodkin Arrow
41:40 Bracer
51:00 Padded Archer Armor
Lic. VELEZ Y VINO
10:48 Feudal Age
14:44 Castle Age
13:34 Double-Bit Axe
13:30 Horse Collar
19:13 Bow Saw
21:38 Wheelbarrow
22:13 Heavy Plow
24:22 Hand Cart
24:51 Loom
25:53 Gold Mining
25:54 Stone Mining
26:26 Scale Mail Armor
26:37 Forging
29:23 Imperial Age
28:46 Squires
29:01 Chain Mail Armor
28:45 Treadmill Crane
29:25 Ballistics
29:15 Masonry
29:58 Heavy Rocket Cart
31:10 Plate Mail Armor
30:13 Elite Fire Lancer
31:22 Conscription
32:05 Chemistry
32:33 Siege Engineers
37:44 Shinkichon
39:05 Fletching
39:51 Iron Casting
41:23 Coinage
42:09 Gold Shaft Mining
42:09 Stone Shaft Mining
42:47 Banking
43:43 Bodkin Arrow
44:21 Architecture
43:59 Eupseong
44:52 Bracer
47:03 Caravan
Gorlami
11:05 Feudal Age
15:00 Castle Age
13:55 Double-Bit Axe
14:13 Horse Collar
16:09 Bow Saw
24:34 Forging
25:53 Wheelbarrow
27:22 Hand Cart
29:30 Heavy Plow
29:22 Gold Mining
33:28 Imperial Age
32:12 Stone Mining
32:59 Husbandry
33:10 Bloodlines
33:06 Scale Barding Armor
33:12 Forging
34:24 Chain Barding Armor
33:28 Cavalier
36:04 Two-Man Saw
35:41 Stone Shaft Mining
35:40 Conscription
35:12 Paladin
37:01 Plate Barding Armor
37:01 Iron Casting
39:09 Elite Conquistador
42:38 Blast Furnace
42:59 Light Cavalry
44:39 Devotion
45:35 Loom
46:10 Hussar
48:34 Caravan
49:09 Coinage
48:51 Guilds
MUERE CACA
10:11 Feudal Age
13:55 Castle Age
14:26 Double-Bit Axe
14:43 Horse Collar
18:32 Bow Saw
21:42 Wheelbarrow
21:35 Gold Mining
21:36 Stone Mining
22:49 Hand Cart
27:12 Imperial Age
25:40 Gold Shaft Mining
24:57 Fletching
25:40 Loom
26:00 Heavy Plow
26:03 Bodkin Arrow
26:09 Padded Archer Armor
28:23 Bracer
30:28 Chemistry
30:18 Leather Archer Armor
30:44 Conscription
31:58 Masonry
33:09 Hoardings
33:17 Architecture
33:09 Ballistics
36:39 Yeomen
38:48 Ring Archer Armor
38:36 Warwolf
39:32 Elite Longbowman
qwertyoN.-
8:17 Loom
10:22 Feudal Age
14:07 Castle Age
12:25 Double-Bit Axe
15:08 Bow Saw
14:44 Town Watch
15:09 Horse Collar
19:25 Sanctity
19:31 Sanctity
19:12 Gold Mining
20:26 Fervor
20:49 Atonement
23:27 Heavy Plow
26:56 Wheelbarrow
27:22 Devotion
28:46 Hand Cart
31:32 Imperial Age
30:45 Bloodlines
29:55 Light Cavalry
30:53 Masonry
31:44 Gold Shaft Mining
30:59 Stone Mining
31:54 Husbandry
31:59 Scale Barding Armor
32:33 Block Printing
32:45 Illumination
35:52 Chemistry
34:40 Treadmill Crane
34:54 Elite Battle Elephant
36:38 Chain Barding Armor
36:29 Forging
37:00 Fletching
37:11 Padded Archer Armor
37:47 Ballistics
37:57 Architecture
37:24 Elite Skirmisher
38:43 Bodkin Arrow
40:14 Two-Man Saw
39:45 Crop Rotation
40:22 Bracer
40:38 Leather Archer Armor
41:47 Plate Barding Armor
42:58 Ring Archer Armor
43:03 Iron Casting
43:04 Coinage
44:19 Banking
43:59 Guilds
43:53 Caravan
45:25 Conscription
48:19 Guilds
Connection lost

Rejoining the realm…

Still unreachable

The connection could not be restored.

Session expired

The server has moved on; the page needs a fresh start.